 Dungeon Crawl Stone Soup version 0.32-a0-953-g508020473e (webtiles) character file.

Game seed: 2978932088420608203

3425 bronco the Firebug (level 9, -11/75 HPs)
             Began as a Mountain Dwarf Monk on Apr 17, 2024.
             Killed from afar by an acid dragon (27 damage)
             ... with a splash of acid
             ... on level 8 of the Dungeon.
             The game lasted 00:28:55 (11155 turns).

bronco the Firebug (Mountain Dwarf Monk)           Turns: 11155, Time: 00:28:56

Health: -11/75     AC:  0    Str: 14    XL:     9   Next: 76%
Magic:  18/18      EV: 16    Int: 15    God:
Gold:   574        SH:  0    Dex: 12    Spells: 18/20 levels left

rFire   . . .        A - +0 hand axe (venom)
rCold   . . .        d - orb {light}
rNeg    . . .        v - +0 leather armour
rPois   .            (no helmet)
rElec   .            (no cloak)
rCorr   .            (no gloves)
SInv    .            (no boots)
Will    .....        (no amulet)
Stlth   +            g - +5 ring of evasion
HPRegen 0.32/turn    j - ring of wizardry
MPRegen 0.16/turn

%: wizardry (x1)
@: mighty, corroded, glowing
A: runic magic, artefact enchanting
a: no special abilities


You were on level 8 of the Dungeon.
You visited 2 branches of the dungeon, and saw 9 of its levels.
You also visited: Sewer and Ossuary.

You collected 574 gold pieces.

Inventory:

Hand Weapons
 a - a +0 falchion of electrocution
 b - the +0 sling "Beetleslayer" {heavy, rCorr Str-4 Int+2 SInv}
   (You found it in a sewer)

   Str-4:     It affects your strength (-4).
   Int+2:     It affects your intelligence (+2).
   SInv:      It lets you see invisible.
   rCorr:     It protects you from acid and corrosion.
 w - a +1 flail of draining
 A - a +0 hand axe of venom (weapon)
 G - a +1 whip of electrocution
Missiles
 h - 33 stones
 s - a poisoned dart (quivered)
 x - a boomerang
Armour
 d - an orb of light (worn)
 e - a +0 robe
 u - a +0 scale mail
 v - a +0 leather armour (worn)
 z - a +0 ring mail
Jewellery
 g - a +5 ring of evasion (left hand)
 j - a ring of wizardry (right hand)
 p - a ring of protection from cold
 J - a ring of see invisible
Wands
 t - a wand of roots (8)
Scrolls
 f - 4 scrolls of teleportation
 k - 2 scrolls of fog
 o - 2 scrolls of immolation
 y - a scroll of fear
 I - a scroll of noise
 K - a scroll of amnesia
 L - a scroll of blinking
Potions
 c - 2 potions of ambrosia
 i - 3 potions of degeneration
 l - 2 potions of attraction
 m - a potion of lignification {unknown}
 n - 3 potions of curing
 q - 3 potions of brilliance
 B - a potion of enlightenment {unknown}
 C - a potion of heal wounds {unknown}
 D - 2 potions of resistance {unknown}
 E - 2 potions of mutation {unknown}


   Skills:
 - Level 6.2 Fighting
 - Level 3.6 Axes
 + Level 6.2 Armour
 - Level 2.1 Dodging
 - Level 6.1 Spellcasting
 - Level 6.3 Summonings
 - Level 7.3 Fire Magic


You had 18 spell levels left.
You knew the following spells:

 Your Spells              Type           Power      Damage    Failure   Level
a - Call Imp              Summ           46%        N/A       1%          2

Your spell library contained the following spells:

 Spells                   Type           Power      Damage    Failure   Level
 Blink                    Tloc           8%         N/A       9%          2
 Lesser Beckoning         Tloc           8%         N/A       9%          2
 Momentum Strike          Conj/Tloc      8%         3d8       9%          2
 Sublimation of Blood     Necr           4%         N/A       9%          2
 Summon Forest            Summ/Tloc      7%         N/A       41%         5
 Summon Mana Viper        Hex/Summ       14%        N/A       41%         5
 Summon Cactus Giant      Summ           11%        N/A       52%         6
 Summon Hydra             Summ           11%        N/A       97%         7
 Chain Lightning          Conj/Air       2%         3d2       100%        9
 Fire Storm               Conj/Fire      7%         8d2       100%        9
 Shatter                  Erth           2%         3d6*      100%        9


Dungeon Overview and Level Annotations

Branches:
Dungeon (8/15)             Temple (1/1) D:7           Sewer (visited)
Ossuary (visited)
   Lair: D:8-11

Altars:
Ashenzari
Dithmenos
Fedhas
Gozag
Hepliaklqana
Kikubaaqudgha
Makhleb
Nemelex Xobeh
Okawaru
Qazlal
Ru
Sif Muna
Trog
Wu Jian
Yredelemnul
Zin
The Shining One

Shops:
D:3 [

Annotations:
D:6 1 runed translucent door
D:7 1 runed translucent door, Crazy Yiuf


Innate Abilities, Weirdness & Mutations

Your spellcasting is much less encumbered by armour.
You can use scrolls of enchantment on lesser artefacts.


Message History

There is a stone staircase leading up, spattered with blood here.
The acid dragon roars!
The acid dragon spits acid at you. The splash of acid hits you!
You start resting.
An acid dragon is nearby!
You hit the acid dragon but do no damage.
The acid dragon is poisoned.
The acid dragon bites you! The acid dragon misses you.
You hit the acid dragon but do no damage.
The acid dragon is lightly wounded.
The acid dragon spits acid at you. The splash of acid hits you!
The acid corrodes you!
You hit the acid dragon but do no damage.
The acid dragon is lightly wounded.
The acid dragon completely misses you. x2
You hit the acid dragon but do no damage.
The acid dragon looks as sick as possible!
The acid dragon is lightly wounded.
The acid dragon misses you. The acid dragon barely misses you.
You barely miss the acid dragon.
The acid dragon is lightly wounded.
The acid dragon spits acid at you. The splash of acid hits you!!
* * * LOW HITPOINT WARNING * * *
You feel better. The acid dragon closely misses you. The acid dragon claws you.
You feel very mighty all of a sudden. The acid dragon misses you. x2
You hit the acid dragon.
The acid dragon is severely wounded.
The acid dragon bites you!
* * * LOW HITPOINT WARNING * * *
The acid dragon claws you.
* * * LOW HITPOINT WARNING * * *
You barely miss the acid dragon.
The acid dragon is severely wounded.
The acid dragon misses you. The acid dragon barely misses you.
The acid dragon spits acid at you. The splash of acid hits you!!
You die...

#######.#......#..###...# ###
##...##.......#.#........##..#
#.....#....#..####..##.......#
###.......##...#.#......#....#
#.........##............#...##
##........#..##..............#
####..##.......#................
##............................##.
.#..............@D........)......
.......#.......###.......=<..##..
......##)......###.......##..# #
.........................##..#
.............................#
....##<...............[......##.
..............##................
....................#..(..#.#.#.
#.#.................###.(######


You could see an acid dragon (very poisoned, catching breath).

Vanquished Creatures
  Maggie (D:8)
  A wyvern (D:7)
  5 yaks
  Menkaure (D:7)
  A water moccasin (D:7)
  An ice beast (D:5)
  3 sky beasts
  A phantom (D:5)
  5 bullfrogs
  2 scorpions
  2 bombardier beetles
  3 hounds
  A jelly (D:5)
  2 orc priests
  2 gnoll boudas
  An iguana (D:5)
  3 sleepcaps
  A scorpion zombie (D:5)
  5 orc wizards
  A hound zombie (D:5)
  8 mummies (Ossuary)
  15 adders
  8 gnolls
  3 shadow imps
  An adder zombie (D:5)
  4 ribbon worms
  8 dart slugs
  15 orcs
  10 ball pythons
  6 bats
  6 endoplasms
  15 giant cockroaches
  3 goblins
  3 hobgoblins
  13 jackals
  8 kobolds
  3 quokkas
  9 frilled lizards
  2 gnoll zombies (Ossuary)
  3 hobgoblin zombies (Ossuary)
  3 orc zombies (Ossuary)
  6 rats
194 creatures vanquished.

Vanquished Creatures (collateral kills)
  A bullfrog (D:7)
  A jelly (D:7)
2 creatures vanquished.

Grand Total: 196 creatures vanquished

Notes
Turn   | Place    | Note
-------+----------+-------------------------------------------
     0 | D:1      | bronco the Mountain Dwarf Monk began the quest for the Orb.
     0 | D:1      | Reached XP level 1. HP: 19/19 MP: 1/1
    61 | D:1      | Reached skill level 1 in Fire Magic
    71 | D:1      | Reached skill level 2 in Fire Magic
    74 | D:1      | Reached XP level 2. HP: 7/26 MP: 2/2
   354 | D:1      | Reached skill level 3 in Fire Magic
   643 | D:2      | Reached XP level 3. HP: 31/31 MP: 3/3
  1049 | D:2      | Reached skill level 4 in Fire Magic
  1524 | D:2      | Reached XP level 4. HP: 29/38 MP: 4/4
  1663 | D:3      | Reached skill level 5 in Fire Magic
  1806 | D:3      | Reached XP level 5. HP: 45/45 MP: 5/5
  2064 | D:3      | Reached skill level 6 in Fire Magic
  2519 | D:3      | Found Wufiuxur's Armour Shop.
  2796 | D:4      | Found a glowing drain.
  2806 | Sewer    | Entered a sewer
  2911 | Sewer    | Reached skill level 7 in Fire Magic
  3077 | Sewer    | Reached XP level 6. HP: 45/51 MP: 6/6
  3325 | Sewer    | Identified the +0 sling "Beetleslayer" {heavy, rCorr Str-4
                  | Int+2 SInv}
  3342 | Sewer    | Reached skill level 1 in Spellcasting
  3886 | D:4      | Reached XP level 7. HP: 57/57 MP: 11/11
  4608 | D:5      | Entered Level 5 of the Dungeon
  4749 | D:5      | Found a sand-covered staircase.
  4801 | Ossuary  | Entered an ossuary
  5438 | D:5      | Reached skill level 5 in Fighting
  5599 | D:5      | Reached XP level 8. HP: 70/70 MP: 14/14
  5795 | D:5      | HP: 2/70 [acid (8)]
  6295 | D:5      | Found a sacrificial altar of Ru.
  6465 | D:6      | Reached skill level 1 in Summonings
  6571 | D:6      | Found a shadowy altar of Dithmenos.
  7410 | D:6      | Found a stormy altar of Qazlal.
  7527 | D:6      | Found an iron altar of Okawaru.
  7527 | D:6      | Found a runed translucent door.
  7564 | D:6      | Found the +0 toga "Victory" {*Victory Clar}
  7678 | D:7      | Noticed Menkaure
  7791 | D:6      | Learned a level 2 spell: Call Imp
  7804 | D:7      | Killed Menkaure
  7805 | D:7      | Reached skill level 5 in Summonings
  8391 | D:7      | Found a burning altar of Makhleb.
  8410 | D:7      | Found a staircase to the Ecumenical Temple.
  8434 | Temple   | Entered the Ecumenical Temple
  8589 | D:7      | Reached XP level 9. HP: 47/75 MP: 13/15
  8591 | D:7      | Reached skill level 5 in Spellcasting
  8598 | D:7      | Noticed a green death
  9049 | D:7      | Reached skill level 1 in Armour
  9292 | D:7      | Found a runed translucent door.
  9293 | D:7      | Noticed Crazy Yiuf
 10631 | D:8      | Noticed Maggie
 10875 | D:8      | Reached skill level 5 in Armour
 10930 | D:8      | Killed Maggie
 11155 | D:8      | Killed from afar by an acid dragon

Illustrated notes

Levels and vault maps discovered:
D:1:      ncdulo_smallfort, layout_basic, minmay_unequal
D:2:      layout_basic
D:3:      layout_rooms, serial_shops, nicolae_shop_crystal
D:4:      layout_basic, cheibrodos_sewer_entry_drain
D:5:      layout_cave_pools, nicolae_ru_the_path_less_chosen,
          mainiacjoe_ossuary_entry_find_the_door
D:6:      layout_basic, nicolae_overflow_guarded_unrand_okawaru_victory,
          nicolae_overflow_hidden_temple
D:7:      layout_basic, makhleb_altar_promises_db,
          minmay_temple_entry_enclosed_plants, uniq_crazy_yiuf_cottage,
          uniq_menkaure
D:8:      layout_cave_pools, nicolae_transmutations_shop, serial_park_tiny_2,
          uniq_maggie
Temple:   minmay_temple_forest_path

Skill      XL: |  1  2  3  4  5  6  7  8  9 |
---------------+----------------------------+-----
Fire Magic     | 2 3 4 5 7 |  7.3
Spellcasting   | 3 4 6 |  6.1
Fighting       | 5 6 |  6.2
Summonings     | 6 |  6.3
Armour         | 6 |  6.2
Axes           | |  3.6
Dodging        | |  2.1

Action                     |  1- 3 |  4- 6 |  7- 9 || total
---------------------------+-------+-------+-------++-------
  Melee: Hand axe          |    96 |   111 |    14 ||   221
         Falchion          |       |   105 |   334 ||   439
   Fire: Sling             |       |       |     6 ||     6
  Throw: Stone             |       |    13 |    24 ||    37
         Javelin           |       |    23 |    38 ||    61
         Boomerang         |       |    50 |    57 ||   107
         Dart              |       |       |     3 ||     3
   Cast: Call Imp          |       |       |    10 ||    10
  Evoke: Wand              |    13 |     8 |     2 ||    23
    Use: Scroll            |       |    10 |     7 ||    17
         Potion            |       |       |     6 ||     6
   Stab: Distracted        |       |       |     2 ||     2
 Armour: Robe              |    40 |   104 |    78 ||   222
         Leather armour    |       |       |   126 ||   126
  Dodge: Dodged            |    72 |   247 |   322 ||   641

Table legend: (Time is in decaauts)
 A = Elapsed time spent in this place.
 B = Non-inter-level travel time spent in this place.
 C = Inter-level travel time spent in this place.
 D = Time resting spent in this place.
 E = Time spent auto-exploring this place.
 F = Levels seen in this place.
 G = Mean time per level.
                   A        B        C        D        E       F      G
               +--------+--------+--------+--------+--------+-----+--------+
         Total |  11504 |  10940 |    564 |   3230 |   5262 |  11 | 1045.8 |
       Dungeon |   9989 |   9425 |    564 |   2680 |   4912 |   8 | 1248.6 |
        Temple |    112 |    112 |      0 |    111 |      0 |   1 |  112.0 |
         Sewer |    921 |    921 |      0 |    225 |    251 |   1 |  921.0 |
       Ossuary |    480 |    480 |      0 |    214 |     99 |   1 |  480.0 |
               +--------+--------+--------+--------+--------+-----+--------+

Top non-repeatable levels by time:
     D:7: 2657 daAuts
     D:6: 1744 daAuts
     D:5: 1370 daAuts
     D:4: 1120 daAuts
     D:3: 1095 daAuts
     D:2: 1050 daAuts
   Sewer: 921 daAuts
     D:1: 627 daAuts
 Ossuary: 480 daAuts
     D:8: 324 daAuts
  Temple: 112 daAuts
